 Dungeon Crawl Stone Soup version 0.32-a0-768-g0f6f1dd (webtiles) character file.

Game seed: 6877072470391575628

119 kyojun0602 the Chopper (level 4, -9/39 HPs)
             Began as a Minotaur Fighter on Mar 18, 2024.
             Mangled by Menkaure (14 damage)
             ... on level 4 of the Dungeon.
             The game lasted 00:06:23 (2405 turns).

kyojun0602 the Chopper (Minotaur Fighter)           Turns: 2405, Time: 00:06:23

Health: -9/39      AC: 11    Str: 23    XL:     4   Next: 74%
Magic:  3/3        EV:  5    Int:  5    God:
Gold:   127        SH:  4    Dex:  9    Spells: 3/3 levels left

rFire   . . .        a - +0 war axe
rCold   . . .        c - +0 buckler
rNeg    . . .        t - +0 plate armour
rPois   .            (helmet restricted)
rElec   .            (no cloak)
rCorr   .            (no gloves)
SInv    .            (no boots)
Will    .....        (no amulet) Stlth
                     p - ring of flight
HPRegen 0.26/turn    (no ring)
MPRegen 0.08/turn

%: no passive effects
@: flying
A: horns 2, retaliatory headbutt
a: no special abilities


You were on level 4 of the Dungeon.
You visited 1 branch of the dungeon, and saw 4 of its levels.

You collected 127 gold pieces.

Inventory:

Hand Weapons
 a - a +0 war axe (weapon)
 j - a +2 heavy sling
Armour
 b - a +0 scale mail
 c - a +0 buckler (worn)
 t - a +0 plate armour (worn)
Jewellery
 p - a ring of flight (left hand)
Talismans
 u - a maw talisman
Scrolls
 e - 6 scrolls of teleportation {unknown}
 i - a scroll of amnesia {unknown}
 k - 2 scrolls of vulnerability {unknown}
 l - a scroll of silence {unknown}
 q - a scroll of blinking {unknown}
 r - 3 scrolls of identify {unknown}
 s - a scroll of fog {unknown}
 w - a scroll of poison {unknown}
Potions
 d - 2 potions of might
 f - 2 potions of lignification {unknown}
 g - 3 potions of berserk rage {unknown}
 h - 2 potions of curing {unknown}
 m - a potion of magic
 n - a potion of degeneration {unknown}
 o - a potion of attraction {unknown}
 v - a potion of heal wounds {unknown}


   Skills:
 - Level 3.6 Fighting
 + Level 6.1 Axes
 - Level 3.6 Armour
 - Level 3.6 Shields


You had 3 spell levels left.
You didn't know any spells.
Your spell library was empty.

Dungeon Overview and Level Annotations

Branches:
Dungeon (4/15)
 Temple: D:4-7

Altars:

Annotations:
D:4 Menkaure


Innate Abilities, Weirdness & Mutations

You have a pair of horns on your head.
You reflexively headbutt those who attack you in melee.


Message History

The ball python bites you but does no damage.
The ball python constricts you.
You barely miss the ball python. The ball python bites you.
The ball python constricts you.
You slash the ball python!
You kill the ball python!
No target in view!
No target in view!
You see here a ball python corpse.
You now have 127 gold pieces (gained 14).
You see here a +0 dagger.
Key pressed, stopping explore.
There is an escape hatch in the ceiling here.
You reach down and open the door.
There is an open door here.
Done exploring.
Done exploring.
Key pressed, stopping travel.
You see here 7 stones.
There is a stone staircase leading down here.
You fly downwards.
Menkaure shouts!
Found 32 gold pieces.
There is a stone staircase leading up here.
Menkaure hits you!
You barely miss Menkaure. Menkaure hits you!!
* * * LOW HITPOINT WARNING * * *
You are too injured to fight recklessly!
You are too injured to fight recklessly!
You are too injured to fight recklessly!
You are too injured to fight recklessly!
It was a potion of magic.
Magic courses through your body.
Menkaure calls on the powers of darkness!
Your body is wracked with pain!
* * * LOW HITPOINT WARNING * * *
Menkaure is nearby!
Menkaure barely misses you. You furiously retaliate!
You headbutt Menkaure.
You begin transforming.
You continue transforming.
Menkaure hits you!
You die...

# ##########
..## #........#
#...##.$......#
..#..#..M......
.......@.......
...............
....##.<.$.....
... #.........
# ######...#
..## .# .


You could see Menkaure.

Vanquished Creatures
  5 adders
  3 dart slugs
  7 bats
  6 endoplasms
  4 giant cockroaches
  5 hobgoblins
  3 jackals (D:1)
  3 quokkas
  8 ball pythons
  4 frilled lizards (D:1)
  6 goblins
  5 kobolds
  10 rats
69 creatures vanquished.

Notes
Turn   | Place    | Note
-------+----------+-------------------------------------------
     0 | D:1      | kyojun0602 the Minotaur Fighter began the quest for the
                  | Orb.
     0 | D:1      | Reached XP level 1. HP: 19/19 MP: 0/0
    65 | D:1      | Reached skill level 3 in Axes
    73 | D:1      | Reached XP level 2. HP: 13/26 MP: 1/1
   416 | D:1      | Reached skill level 4 in Axes
   768 | D:1      | Reached XP level 3. HP: 31/31 MP: 2/2
   790 | D:1      | Found a faded altar of an unknown god.
  1133 | D:2      | Reached skill level 5 in Axes
  1404 | D:2      | Reached XP level 4. HP: 34/39 MP: 3/3
  2102 | D:3      | Reached skill level 6 in Axes
  2128 | D:3      | Identified the +3 ring mail of Qemyfufe {Str+7}
  2399 | D:4      | Noticed Menkaure
  2405 | D:4      | Mangled by Menkaure

Illustrated notes

Levels and vault maps discovered:
D:1:      dpeg_arrival_round_c, layout_loops_corners,
          dreamdust_ecumenical_altar_statues
D:2:      layout_loops_ring
D:3:      layout_basic, minmay_increasing_density
D:4:      layout_rooms, mainiacjoe_overflow_tiny_flanked, hangedman_ru_absence,
          minmay_temple_entry_grid, uniq_menkaure, uniq_blork_the_orc

Skill      XL: |  1  2  3  4 |
---------------+-------------+-----
Axes           | 3 4 5 6 |  6.1
Fighting       | |  3.6
Armour         | |  3.6
Shields        | |  3.6

Action                     |  1- 3 |  4- 6 || total
---------------------------+-------+-------++-------
  Melee: War axe           |    98 |    41 ||   139
         Headbutt          |    12 |     2 ||    14
    Use: Potion            |       |     1 ||     1
 Armour: Scale mail        |    91 |    17 ||   108
         Plate armour      |       |    18 ||    18
  Dodge: Dodged            |    36 |    11 ||    47
  Block: Buckler           |    19 |     9 ||    28
   Form: Maw               |       |     1 ||     1

Table legend: (Time is in decaauts)
 A = Elapsed time spent in this place.
 B = Non-inter-level travel time spent in this place.
 C = Inter-level travel time spent in this place.
 D = Time resting spent in this place.
 E = Time spent auto-exploring this place.
 F = Levels seen in this place.
 G = Mean time per level.
                   A        B        C        D        E       F      G
               +--------+--------+--------+--------+--------+-----+--------+
         Total |   2445 |   2367 |     78 |     97 |   1874 |   4 |  611.2 |
       Dungeon |   2445 |   2367 |     78 |     97 |   1874 |   4 |  611.2 |
               +--------+--------+--------+--------+--------+-----+--------+

Top non-repeatable levels by time:
     D:1: 992 daAuts
     D:3: 833 daAuts
     D:2: 612 daAuts
     D:4: 6 daAuts
